 Dungeon Crawl Stone Soup version 0.31.0-12-g77e489cdc1 (webtiles) character file.

Game seed: 11136049088471210155

569 lordive the Ruffian (level 7, -5/100 HPs)
             Began as an Octopode Shapeshifter on Feb 29, 2024.
             Slain by an orc
             ... wielding a +0 mace
              (6 damage)
             ... on level 4 of the Dungeon.
             The game lasted 00:04:29 (3269 turns).

lordive the Ruffian (Octopode Shapeshifter)         Turns: 3269, Time: 00:04:30

Health: -5/100     AC: 23    Str: 14    XL:     7   Next: 33%
Magic:  7/7        EV:  2    Int: 14    God:
Gold:   173        SH:  3    Dex: 11    Spells: 6/6 levels left

rFire   . . .        h - +10 rapier "Yplo" {flame, Fly Will++ Stlth-}
rCold   . . .        n - +0 buckler
rNeg    . . .        (helmet currently unavailable)
rPois   +            (no amulet)
rElec   .            (no ring)
rCorr   .            (no ring)
SInv    .            (no ring)
Will    ++...        (no ring) Stlth
                     (no ring)
HPRegen 0.36/turn    (no ring)
MPRegen 0.10/turn    (no ring)
                     (no ring)

%: no passive effects
@: berserking, tree-form, very quick
A: stationary, stasis, torment immunity, boosted hp, almost no armour,
(amphibious), 8 rings, (camouflage 1), (gelatinous body 1), (nimble swimmer 1),
(tentacles)
a: no special abilities


You were on level 4 of the Dungeon.
You were a tree.
You visited 1 branch of the dungeon, and saw 4 of its levels.

You collected 173 gold pieces.

Inventory:

Hand Weapons
 h - the +10 rapier "Yplo" (weapon) {flame, Fly Will++ Stlth-}
   (You found it on level 2 of the Dungeon)

   Will++:    It greatly increases your willpower.
   Fly:       It grants you flight.
   Stlth-:    It makes you less stealthy.
Armour
 n - a +0 buckler (worn)
Talismans
 b - a beast talisman
 c - a flux talisman
Scrolls
 f - a scroll of poison {unknown}
 g - a scroll of torment {unknown}
 i - a scroll of vulnerability {unknown}
 l - 2 scrolls of identify {unknown}
Potions
 d - a potion of magic {unknown}
 e - a potion of berserk rage
 j - a potion of curing {unknown}
 k - a potion of invisibility {unknown}
 m - a potion of haste {unknown}


   Skills:
 + Level 2.0 Fighting
 + Level 2.8 Short Blades
 + Level 2.6 Dodging
 * Level 5.2 Unarmed Combat
 * Level 5.1 Shapeshifting


You had 6 spell levels left.
You didn't know any spells.
Your spell library contained the following spells:

 Spells                   Type           Power      Damage    Failure   Level
 Freeze                   Ice            0%         1d3       36%         1
 Lesser Beckoning         Tloc           0%         N/A       52%         2
 Frozen Ramparts          Ice            0%         1d1       75%         3
 Gell's Gravitas          Tloc           0%         N/A       75%         3
 Hailstorm                Conj/Ice       0%         3d5       75%         3
 Teleport Other           Tloc           0%         N/A       75%         3


Dungeon Overview and Level Annotations

Branches:
Dungeon (4/15)
 Temple: D:4-7

Altars:
Gozag
Xom


Innate Abilities, Weirdness & Mutations

You are a tree.
Your roots penetrate the ground, keeping you stationary.
You cannot be teleported.
You are immune to unholy pain and torment.
Your maximum health is greatly increased.
You cannot wear most types of armour.
((You are amphibious.))
You can wear up to eight rings at the same time.
((Your skin changes colour to match your surroundings (Stealth+).))
((Your rubbery body absorbs attacks. (AC +1, EV +1)))
((You are camouflaged when in or above water. (Stealth+)))
((You have tentacles for arms and can constrict up to eight enemies at once.))


Message History

The adder bites you but does no damage.
The orc wizard points at you and mumbles some strange words.
The magic dart hits you!
* * * LOW HITPOINT WARNING * * *
The gnoll hits you but does no damage.
The orc wizard points at you and mumbles some strange words.
The puff of flame hits you.
* * * LOW HITPOINT WARNING * * *
You puncture the orc wizard! You burn the orc wizard.
The orc wizard is severely wounded.
The adder barely misses you.
The orc wizard hits you but does no damage.
You block the orc's attack.
The orc wizard hits you but does no damage.
The gnoll hits you but does no damage. The adder bites you but does no damage.
It was a potion of berserk rage.
A red film seems to cover your vision as you go berserk!
You feel yourself moving faster!
You feel mighty! The orc wizard barely misses you.
The orc hits you but does no damage. The gnoll barely misses you.
The orc wizard gestures at you while chanting.
The puff of flame hits you but does no damage.
You block the adder's attack.
You are too berserk!
You barely miss the orc wizard. You block the orc's attack.
The adder bites you but does no damage. You block the gnoll's attack.
The orc wizard hits you but does no damage.
You puncture the orc wizard! You burn the orc wizard.
You kill the orc wizard!
The adder barely misses you. The orc hits you but does no damage. x2
The gnoll hits you but does no damage.
The orc wizard hits you but does no damage.
Your Fighting skill increases to level 2!
You puncture the orc wizard! You burn the orc wizard.
Your punch misses the orc wizard.
The orc wizard is heavily wounded.
The adder bites you.
* * * LOW HITPOINT WARNING * * *
The orc hits you with a +0 mace.
You die...

..........# #.# #
...........# #.# #
.....).....# #.## #
.<.........# #..####
...........## ##.ggg.§
............#####....g##
......g..............#...
.......ooS...........###.
.......)♣o...)......)# ##
.......).............#
.....................#
.....................#
......)...........♣.#####
..................♣.##...
..................♣.##)##
..................♣.##g##
.........)).........##..)


You could see an orc wizard, a gnoll, an adder and 2 orcs.

Vanquished Creatures
  Grinder (D:3)
  An ogre (D:4)
  2 bombardier beetles
  An iguana (D:3)
  Jessica (D:3)
  2 orc wizards (D:4)
  An adder (D:4)
  5 gnolls (D:4)
  A ribbon worm (D:2)
  3 orcs
  5 ball pythons
  4 bats
  10 endoplasms
  A giant cockroach (D:2)
  12 goblins
  8 hobgoblins
  2 quokkas
  A frilled lizard (D:1)
  4 kobolds
  9 rats
74 creatures vanquished.

Notes
Turn   | Place    | Note
-------+----------+-------------------------------------------
     0 | D:1      | lordive the Octopode Shapeshifter began the quest for the
                  | Orb.
     0 | D:1      | Reached XP level 1. HP: 13/13 MP: 1/1
   156 | D:1      | Reached XP level 2. HP: 14/18 MP: 2/2
  1007 | D:2      | Found an opulent altar of Gozag.
  1082 | D:2      | Identified the +10 rapier "Yplo" {flame, Fly Will++ Stlth-}
  1106 | D:2      | Reached XP level 3. HP: 22/23 MP: 3/3
  1141 | D:2      | Reached XP level 4. HP: 21/28 MP: 4/4
  1963 | D:3      | Noticed Jessica
  1973 | D:3      | Killed Jessica
  2013 | D:3      | Reached XP level 5. HP: 33/33 MP: 5/5
  2411 | D:3      | Noticed Grinder
  2417 | D:3      | Killed Grinder
  2418 | D:3      | Reached skill level 1 in Short Blades
  2418 | D:3      | Reached XP level 6. HP: 20/38 MP: 6/6
  3121 | D:4      | Found a shimmering altar of Xom.
  3131 | D:4      | Reached skill level 5 in Unarmed Combat
  3131 | D:4      | Reached skill level 5 in Shapeshifting
  3131 | D:4      | Reached XP level 7. HP: 30/44 MP: 7/7
  3264 | D:4      | HP: 3/66 [orc wizard/magic dart (7)]
  3264 | D:4      | HP: 1/66 [orc wizard/puff of flame (2)]
  3269 | D:4      | HP: 1/100 [adder (3)]
  3269 | D:4      | Slain by an orc

Illustrated notes

Levels and vault maps discovered:
D:1:      scummos_arrival_checkerplants, layout_basic, patterned_corridor
D:2:      layout_loops_corners, basic_altar
D:3:      layout_basic, uniq_jessica, uniq_grinder
D:4:      layout_basic, okawaru_ov_weapons_minmay,
          mainiacjoe_overflow_boulevard, minmay_fire_ice_demons

Skill      XL: |  1  2  3  4  5  6  7 |
---------------+----------------------+-----
Shapeshifting  | 4 5 |  5.1
Unarmed Combat | 4 5 |  5.2
Short Blades   | 1 2 |  2.8
Fighting       | 2 |  2.0
Dodging        | |  2.6

Action                     |  1- 3 |  4- 6 |  7- 9 || total
---------------------------+-------+-------+-------++-------
  Melee: Unarmed           |    39 |       |       ||    39
         Constrict         |    11 |     6 |     3 ||    20
         Tentacles         |     3 |     4 |     3 ||    10
         Punch             |     1 |     1 |     2 ||     4
         Rapier            |     2 |    52 |    24 ||    78
    Use: Potion            |       |       |     2 ||     2
   Stab: Sleeping          |     5 |     3 |       ||     8
 Armour: Skin              |    17 |    26 |    34 ||    77
  Dodge: Dodged            |    11 |    26 |    17 ||    54
  Block: Buckler           |       |       |     9 ||     9
